 Dungeon Crawl Stone Soup version 0.30.1-9-gdf580d7c3d (webtiles) character file.

Game seed: 2520967949806156566

42 Chiseanne the Stinger (level 3, 27/27 HPs)
             Began as a Demonspawn Wanderer on Oct 4, 2023.
             Quit the game on level 2 of the Dungeon.
             The game lasted 00:03:08 (1032 turns).

Chiseanne the Stinger (Demonspawn Wanderer)         Turns: 1032, Time: 00:03:09

Health: 27/27      AC:  3    Str:  9    XL:     3   Next: 33%
Magic:  4/4        EV: 12    Int: 15    God:
Gold:   88         SH:  0    Dex: 15    Spells: 3/4 levels left

rFire   . . .        a - +0 falchion
rCold   . . .        (no shield)
rNeg    . . .        e - +1 robe
rPois   .            (helmet restricted)
rElec   .            (no cloak)
rCorr   .            (no gloves)
SInv    .            (no boots)
Will    .....        (no amulet)
Stlth   +            (no ring)
HPRegen 0.24/turn    (no ring)
MPRegen 0.09/turn

%: no passive effects
@: no status effects
A: horns 1, foul stench 1
a: no special abilities


You were on level 2 of the Dungeon.
You visited 1 branch of the dungeon, and saw 2 of its levels.

You collected 88 gold pieces.

Inventory:

Hand Weapons
 a - a +0 falchion (weapon)
Missiles
 b - 10 poisoned darts (quivered)
 m - 2 stones
Armour
 e - a +1 robe (worn)
Jewellery
 g - a ring of fire
Scrolls
 d - a scroll of fog
Potions
 c - a potion of curing {unknown}
 i - a potion of brilliance {unknown}
 j - a potion of heal wounds {unknown}
 k - 2 potions of haste {unknown}


   Skills:
 * Level 2.0 Fighting
 - Level 1.7 Long Blades
 - Level 1.0 Throwing
 * Level 1.8 Dodging
 - Level 1.0 Spellcasting
 - Level 5.0 Poison Magic
 - Level 1.2 Invocations


You had 3 spell levels left.
You knew the following spells:

 Your Spells              Type           Power      Damage    Failure   Level
a - Sting                 Tmut/Pois      32%        1d4       9%          1

Your spell library contained the following spells:

 Spells                   Type           Power      Damage    Failure   Level
 Poisonous Vapours        Pois/Air       16%        N/A       13%         2
 Freeze                   Ice            0%         1d3       24%         1
 Ignite Poison            Fire/Tmut/Pois 5%         N/A       36%         3
 Frozen Ramparts          Ice            0%         1d1       58%         3
 Hailstorm                Conj/Ice       0%         3d3       58%         3


Dungeon Overview and Level Annotations

Branches:
Dungeon (2/15)

Altars:


Innate Abilities, Weirdness & Mutations

You have a pair of small horns on your head.
You may rarely emit foul miasma when damaged in melee.


Message History

You barely miss the adder. The adder closely misses you. x2
You slash the adder!
The adder is severely wounded.
The adder bites you but does no damage.
You hit the adder.
You kill the adder!
You have reached level 3!
Your experience leads to an increase in your attributes!
Increase (s)trength, (i)ntelligence, or (d)exterity?
You feel clever. x2; Your demonic ancestry asserts itself...
A pair of horns grows on your head!
You climb downwards.
The frilled lizard hisses angrily.
There is a stone staircase leading up here.
You miss the frilled lizard.
The frilled lizard bites you but does no damage.
The frilled lizard barely misses you.
You hit the frilled lizard.
You kill the frilled lizard!
The dart slug bites you.
You slash the dart slug!
You punch the dart slug, but do no damage.
The dart slug is almost dead.
The dart slug bites you. The dart slug launches a dart at you.
The slug dart misses you.
You slash the dart slug!
You kill the dart slug!
Your Fighting skill increases to level 2!
You hit the dart slug.
You headbutt the dart slug, but do no damage.
The dart slug is lightly wounded.
You hit the dart slug.
The dart slug is heavily wounded.
The dart slug closely misses you.
You hit the dart slug. You headbutt the dart slug.
You kill the dart slug!
Found a scroll of enchant armour.
You now have 88 gold pieces (gained 9).
Are you sure you want to abandon this character and quit the game? (Confirm with "yes".)

############
#..........#
#......@...#
#........<.#
#..........#
...........#
?..#########
.. .


There were no monsters in sight!

Vanquished Creatures
  An adder (D:1)
  4 dart slugs
  An endoplasm (D:1)
  2 goblins (D:1)
  A hobgoblin (D:2)
  5 jackals (D:1)
  4 ball pythons (D:1)
  A bat (D:1)
  3 frilled lizards
  2 kobolds (D:1)
  A rat (D:1)
25 creatures vanquished.

Notes
Turn   | Place    | Note
-------+----------+-------------------------------------------
     0 | D:1      | Chiseanne the Demonspawn Wanderer began the quest for the
                  | Orb.
     0 | D:1      | Chiseanne set off with the following items: a +0 falchion,
                  | 10 poisoned darts, a +0 dagger, a scroll of fog, a +0 robe;
                  | and the following spell memorised: Sting; and the following
                  | spells available to memorise: Poisonous Vapours, Ignite
                  | Poison.
     0 | D:1      | Reached XP level 1. HP: 13/13 MP: 2/2
   247 | D:1      | Reached skill level 1 in Fighting
   324 | D:1      | Reached skill level 1 in Dodging
   324 | D:1      | Gained mutation: You may rarely emit foul miasma when
                  | damaged in melee. [demonic ancestry]
   324 | D:1      | Reached XP level 2. HP: 16/20 MP: 3/3
  1019 | D:1      | Gained mutation: You have a pair of small horns on your
                  | head. [demonic ancestry]
  1019 | D:1      | Reached XP level 3. HP: 27/27 MP: 4/4
  1032 | D:2      | Quit the game

Illustrated notes

Levels and vault maps discovered:
D:1:      lightli_arrival_maybe_door_vault, layout_basic
D:2:      layout_rooms, basic_ecumenical_altar, grunt_ministairs_4

Skill      XL: |  1  2  3 |
---------------+----------+-----
Fighting       | 1 2 |  2.0
Dodging        | 1 |  1.8
Long Blades    | |  1.7
Throwing       | |  1.0
Spellcasting   | |  1.0
Poison Magic   | |  5.0
Invocations    | |  1.2

Action                     || total
---------------------------++-------
  Melee: Falchion          ||    72
         Headbutt          ||     2
         Punch             ||     1
  Throw: Dart              ||     4
    Use: Scroll            ||     4
   Stab: Sleeping          ||     1
 Armour: Robe              ||    15
  Dodge: Dodged            ||    42
